 Seeded DCSS version 0.28-a0-1567-g1695149f81 (webtiles) character file.

Game seed: 41954 (custom seed)

3 knot the Skirmisher (level 1, 0/18 HPs)
             Began as a Demonspawn Berserker on Jan 20, 2022.
             Was a Follower of Trog.
             Slain by a goblin (2 damage)
             ... on level 1 of the Dungeon.
             The game lasted 00:00:10 (54 turns).

knot the Skirmisher (Demonspawn Berserker)            Turns: 54, Time: 00:00:11

Health: 0/18       AC:  2    Str: 17    XL:     1   Next: 41%
Magic:  1/1        EV: 12    Int:  8    God:    Trog [*.....]
Gold:   0          SH:  0    Dex: 12    Spells: 0/0 levels left

rFire   . . .      SeeInvis .   a - +0 hand axe
rCold   . . .      Faith    .   (no shield)
rNeg    . . .      Spirit   .   b - +0 animal skin
rPois   .          Reflect  .   (no helmet)
rElec   .          Harm     .   (no cloak)
rCorr   .          Rampage  .   (no gloves)
Will    .....                   (no boots)
Stlth   +.........              (no amulet)
HPRegen 0.06/turn               (no ring)
MPRegen 0.07/turn               (no ring)

@: no status effects
A: no striking features
a: Renounce Religion, Berserk


You were on level 1 of the Dungeon.
You worshipped Trog.
Trog was aware of your devotion.
You visited 1 branch of the dungeon, and saw 1 of its levels.

Inventory:

Hand Weapons
 a - a +0 hand axe (weapon)
Armour
 b - a +0 animal skin (worn)


   Skills:
 - Level 3.0 Fighting
 + Level 2.9 Axes
 - Level 1.7 Armour
 - Level 1.7 Dodging


You couldn't memorise any spells.
You didn't know any spells.
Your spell library contained the following spells:

 Spells                   Type           Power      Damage    Failure   Level
 Ozocubu's Armour         Ice            0%         N/A       78%         3
 Ozocubu's Refrigeration  Ice            0%         4d5       100%        7


Dungeon Overview and Level Annotations

Branches:
Dungeon (1/15)

Altars:


Message History

Trog accepts your kill.
No target in view!
No target in view!
No target in view!
A kobold comes into view. It is wielding a +0 club.
Found a scroll labelled ANYNOB MOBREKE and a plate armour.
A kobold is nearby!
The kobold shouts!
A goblin comes into view. It is wielding a +0 club.
The kobold throws a stone.
The stone closely misses you.
A gnoll comes into view. It is wielding a +0 whip.
There is a stone staircase leading down here.
There are monsters nearby!
There are monsters nearby!
An endoplasm comes into view.
Found a scroll labelled ULIFALU ANOAN and a scroll labelled XAILIOTRIAG.
The kobold closely misses you.
You barely miss the kobold.
The endoplasm quivers.
The kobold hits you with a +0 club.
You hit the gnoll.
The gnoll is moderately wounded.
You miss the kobold. The gnoll barely misses you.
The kobold hits you but does no damage.
You hit the gnoll.
The gnoll is moderately wounded.
You hit the kobold. The gnoll hits you but does no damage.
The kobold closely misses you.
You closely miss the kobold.
The kobold is severely wounded.
You barely miss the gnoll. You completely miss the goblin.
The goblin misses you. The gnoll hits you with a +0 whip.
The kobold completely misses you.
You barely miss the kobold.
The kobold is severely wounded.
You hit the gnoll. You barely miss the goblin.
The goblin hits you with a +0 club. The gnoll hits you with a +0 whip.
* * * LOW HITPOINT WARNING * * *
The kobold hits you but does no damage. The goblin hits you with a +0 club.
You die...

......?.......?
..............#
............^.#
..............#
..............#
..............#
......gK.....#
#.....#@g...#
##.....#####
#.....>....####
#.#...........?
## #.
#......!.....
..
#..).........
#.#
#...†........
..
##............
####.
#.............


You could see a gnoll, a goblin and a kobold.

Vanquished Creatures
  2 goblins (D:1)
  2 rats (D:1)
4 creatures vanquished.

Notes
Turn   | Place    | Note
-------+----------+-------------------------------------------
     0 | D:1      | knot the Demonspawn Berserker began the quest for the Orb.
     0 | D:1      | Reached XP level 1. HP: 18/18 MP: 1/1
    54 | D:1      | Slain by a goblin

Illustrated notes

Levels and vault maps discovered:
D:1:      scummos_arrival_forest, layout_rooms, nrook_campfire, minivault_14,
          chequers_serial_rivers_room_b, minivault_24, minmay_quantized

Action                   || total
-------------------------++-------
Melee: Hand axe          ||    12
Armor: Animal skin       ||     6
Dodge: Dodged            ||    10

Table legend: (Time is in decaauts)
 A = Elapsed time spent in this place.
 B = Non-inter-level travel time spent in this place.
 C = Inter-level travel time spent in this place.
 D = Time resting spent in this place.
 E = Time spent auto-exploring this place.
 F = Levels seen in this place.
 G = Mean time per level.
                   A        B        C        D        E       F      G
               +--------+--------+--------+--------+--------+-----+--------+
         Total |     55 |     55 |      0 |      0 |     27 |   1 |   55.0 |
       Dungeon |     55 |     55 |      0 |      0 |     27 |   1 |   55.0 |
               +--------+--------+--------+--------+--------+-----+--------+

Top non-repeatable levels by time:
     D:1: 55 daAuts
